Map: 이페머론 - 래더

Players

Stats - Winner!

  • Race: Protoss Protoss
  • League: Grandmaster
  • Spawn Location: 5:00

TIME (Oliveira)

  • Race: Terran Terran
  • League: Master
  • Spawn Location: 11:00

VOD

Have the link to the VOD?

Description

Time

  • Played on: Jan. 9, 2020, 5:08 a.m.
  • Length: 14:21
Show
View Real Time Build Order
Export as new Build Order

Stats Protoss - Winner!

Build Orders: 1 Gate Expand, Phoenix Opening, Colossus Rush 

Get SALT Encoding   

  12  0:00  Probe  
  13  0:12  Probe  
  14  0:17  Pylon  
  14  0:24  Probe (Chrono Boost)  
  15  0:37  Probe (Chrono Boost), Gateway  
  16  0:44  Probe (Chrono Boost)  
  16  0:46  Assimilator  
  17  0:51  Probe  
  18  1:03  Probe  
  19  1:15  Probe  
  20  1:24  Cybernetics Core  
  20  1:32  Nexus  
  20  1:36  Probe  
  21  1:43  Pylon  
  21  1:49  Assimilator  
  21  1:50  Probe  
  22  1:58  Adept (Chrono Boost)  
  24  2:03  Probe  
  25  2:15  Probe  
  26  2:18  Adept (Chrono Boost)  
  28  2:24  Stargate  
  28  2:27  Probe  
  29  2:35  Warp Gate  
  29  2:39  Probe  
  30  2:44  Adept  
  30  2:48  Probe  
  34  2:51  Probe  
  34  3:00  Probe  
  34  3:04  Probe  
  36  3:08  Phoenix (Chrono Boost)  
  36  3:12  Probe  
  38  3:16  Probe  
  37  3:24  Probe (Chrono Boost)  
  38  3:29  Phoenix (Chrono Boost)  
  38  3:33  Probe (Chrono Boost)  
  41  3:36  Probe (Chrono Boost)  
  41  3:41  Pylon  
  43  3:42  Probe (Chrono Boost)  
  43  3:43  Probe (Chrono Boost)  
  43  3:48  Phoenix  
  46  3:53  Gateway  
  46  3:59  Probe x2  
  44  4:13  Phoenix (Chrono Boost)  
  44  4:15  Gateway  
  46  4:17  Probe x2  
  46  4:20  Robotics Facility  
  46  4:24  Assimilator  
  48  4:26  Assimilator  
  48  4:28  Pylon  
  48  4:29  Probe x2  
  48  4:31  Pylon  
  50  4:35  Phoenix (Chrono Boost)  
  52  4:41  Probe  
  53  4:52  Probe  
  54  4:53  Probe  
  55  5:02  Adept, Sentry  
  59  5:09  Probe, Adept  
  59  5:10  Probe  
  59  5:13  Pylon  
  63  5:14  Nexus  
  63  5:15  Robotics Bay  
  63  5:17  Forge  
  63  5:21  Observer  
  64  5:22  Pylon  
  64  5:32  Probe x2  
  66  5:36  Adept x3  
  72  5:44  Probe x2  
  74  5:55  Protoss Ground Weapons Level 1  
  74  5:56  Probe x2  
  76  5:58  Colossus (Chrono Boost)  
  82  6:08  Probe x2  
  82  6:09  Extended Thermal Lance  
  82  6:10  Pylon  
  84  6:17  Observer  
  84  6:21  Probe x2 (Chrono Boost)  
  86  6:28  Probe (Chrono Boost)  
  89  6:33  Probe x2 (Chrono Boost)  
  89  6:37  Probe (Chrono Boost)  
  89  6:38  Probe (Chrono Boost), Colossus (Chrono Boost)  
  91  6:40  Probe (Chrono Boost)  
  91  6:45  Probe, Assimilator  
  91  6:46  Forge, Observer  
  91  6:47  Probe, Twilight Council  
  99  6:48  Assimilator  
  99  6:52  Probe  
  101  6:57  Probe  
  101  6:59  Probe  
  101  7:09  Sentry  
  101  7:10  Zealot x2  
  101  7:13  Gateway  
  101  7:14  Gateway  
  101  7:15  Charge  
  107  7:17  Gateway  
  107  7:18  Gateway, Pylon  
  107  7:20  Pylon  
  107  7:21  Gateway, Protoss Ground Armor Level 1 (Chrono Boost)  
  107  7:27  Templar Archives  
  107  7:29  Gateway  
  107  7:32  Gateway, Pylon  
  107  7:33  Colossus (Chrono Boost)  
  113  7:42  Pylon  
  113  7:44  Probe x3, Pylon  
  116  7:58  Nexus  
  116  8:09  Photon Cannon  
  115  8:13  Warp Prism (Chrono Boost)  
  115  8:15  High Templar x2  
  115  8:17  Protoss Ground Weapons Level 2 (Chrono Boost)  
  115  8:19  Archon  
  121  8:21  High Templar  
  121  8:22  High Templar, Zealot x4  
  133  8:28  Archon  
  133  8:29  Zealot x2  
  137  8:36  Pylon  
  137  8:38  Pylon  
  137  8:39  Pylon x2  
  137  8:41  Pylon  
  137  8:46  Observer  
  138  8:48  High Templar x2  
  138  8:49  Pylon, Zealot x3  
  138  8:54  Archon  
  143  9:10  High Templar x2  
  143  9:11  Zealot x6  
  143  9:15  Archon, Blink  
  159  9:18  Probe x2  
  159  9:19  Probe x2  
  159  9:21  Zealot x2  
  159  9:23  Observer  
  168  9:31  Probe x4  
  171  9:35  Stalker x2  
  171  9:36  Stalker x2  
  180  9:40  Stalker  
  180  9:45  Stalker x2  
  186  9:48  Stalker  
  186  9:49  Stalker  
  186  9:52  Zealot  
  150  10:13  Zealot x10  
  135  10:19  Warp Prism (Chrono Boost)  
  119  10:22  Protoss Ground Armor Level 2 (Chrono Boost)  
  119  10:26  Gravitic Drive  
  113  10:30  Robotics Facility  
  113  10:31  Sentry x2  
  117  10:37  Zealot x8  
  133  10:43  Assimilator x2  
  133  10:48  Observer (Chrono Boost)  
  134  10:51  Pylon  
  134  10:55  Protoss Ground Weapons Level 3 (Chrono Boost)  
  134  11:06  Disruptor (Chrono Boost)  
  137  11:17  Stalker x4  
  137  11:18  Stalker  
  147  11:20  Stalker, Disruptor (Chrono Boost)  
  147  11:21  Zealot x4  
  160  11:28  Disruptor (Chrono Boost)  
  147  11:48  Zealot x10  
  147  11:51  Disruptor (Chrono Boost)  
  170  12:01  Disruptor (Chrono Boost)  
  169  12:12  Disruptor  
  172  12:22  Zealot x5  
  174  12:23  Zealot x5  
  172  12:31  Disruptor  
  172  12:34  Probe x4  
  142  12:47  Zealot x5  
  139  12:54  Stalker x2  
  139  12:57  Stalker x2  
  112  13:16  Probe x4  
  108  13:29  High Templar x6  
  108  13:30  High Templar x2, Sentry x2  
  108  13:33  Archon x2  
  108  13:34  Archon x2  
  128  13:54  Stalker  
  128  13:55  Stalker  
  132  14:02  Stalker x3  
  136  14:03  Stalker x5  
Show
View Real Time Build Order
Export as new Build Order

TIME Terran 

Build Orders: Gas First Reaper Expand 

Get SALT Encoding   

  12  0:00  SCV  
  13  0:13  SCV  
  14  0:17  Supply Depot  
  14  0:25  SCV  
  15  0:30  Refinery  
  15  0:39  SCV  
  16  0:44  Barracks  
  16  0:51  SCV  
  17  1:03  SCV  
  18  1:15  SCV  
  19  1:32  Orbital Command, Reaper  
  20  1:43  Command Center  
  20  1:56  Factory  
  20  1:58  SCV  
  21  2:07  Refinery  
  21  2:08  Barracks Reactor  
  21  2:10  SCV  
  21  2:14  Supply Depot  
  22  2:22  SCV  
  23  2:36  SCV  
  24  2:42  Starport  
  24  2:48  SCV  
  27  2:51  Hellion  
  27  3:00  SCV  
  27  3:04  Marine  
  28  3:12  SCV  
  30  3:17  Orbital Command  
  30  3:21  Widow Mine  
  30  3:24  SCV  
  30  3:26  Viking  
  32  3:34  Marine x2  
  32  3:36  SCV  
  35  3:42  Factory Tech Lab  
  35  3:45  SCV  
  36  3:49  SCV  
  36  3:52  Marine x2  
  38  3:57  SCV  
  38  4:01  SCV  
  37  4:09  SCV  
  37  4:13  SCV  
  37  4:15  Command Center  
  37  4:16  Cyclone  
  39  4:19  Viking  
  39  4:21  SCV  
  42  4:24  Supply Depot  
  42  4:28  SCV  
  43  4:31  Marine x2  
  43  4:33  SCV  
  46  4:45  Supply Depot  
  46  4:46  SCV x2  
  46  4:48  Siege Tank  
  46  4:49  Marine  
  50  4:58  SCV  
  51  5:00  Barracks x2  
  51  5:01  SCV  
  51  5:02  Marine  
  53  5:10  SCV  
  53  5:11  Marine  
  53  5:13  SCV, Starport Tech Lab  
  56  5:20  Engineering Bay x2  
  56  5:22  SCV  
  56  5:23  Siege Tank  
  56  5:27  SCV  
  62  5:32  Refinery  
  62  5:33  Orbital Command  
  62  5:34  Marine x2  
  63  5:35  SCV  
  63  5:39  SCV  
  64  5:47  Terran Infantry Weapons Level 1, Terran Infantry Armor Level 1  
  64  5:49  SCV  
  65  5:53  SCV  
  65  5:55  Marine  
  65  5:56  Stimpack  
  67  5:58  Starport Reactor  
  67  6:04  Factory Reactor  
  67  6:05  SCV x3  
  67  6:06  Barracks  
  67  6:08  Supply Depot  
  67  6:09  Marine, Barracks  
  71  6:12  Combat Shield  
  71  6:16  Marine, Refinery  
  72  6:21  Missile Turret  
  72  6:24  Missile Turret, Marauder, Orbital Command  
  72  6:25  Marauder  
  76  6:27  SCV  
  76  6:29  Marine  
  78  6:33  SCV  
  78  6:37  Supply Depot  
  78  6:39  Medivac x2  
  80  6:42  SCV  
  80  6:45  Widow Mine x2  
  85  6:51  SCV  
  85  6:56  SCV, Barracks Reactor, Barracks Tech Lab  
  85  6:59  SCV, Marauder x2  
  89  7:03  Marine x2  
  89  7:04  SCV  
  92  7:11  SCV, Supply Depot  
  92  7:12  SCV  
  92  7:13  Supply Depot  
  92  7:19  SCV  
  93  7:24  Widow Mine x2, Marauder x2  
  101  7:32  Marine, SCV, Medivac x2  
  101  7:33  Marauder  
  101  7:34  SCV x2, Supply Depot  
  111  7:37  Marine x2, Supply Depot  
  111  7:43  Marine, Missile Turret  
  114  7:44  SCV  
  114  7:47  Marauder  
  114  7:49  Concussive Shells  
  117  7:55  Armory  
  117  7:56  SCV x2  
  119  8:00  Supply Depot  
  119  8:02  Marauder  
  121  8:05  Refinery  
  121  8:06  Refinery, Marauder  
  121  8:10  SCV  
  121  8:11  Marauder  
  121  8:12  SCV  
  127  8:13  SCV  
  127  8:19  Starport  
  128  8:22  Supply Depot  
  128  8:25  SCV x3  
  131  8:29  Marauder x2  
  131  8:32  Viking  
  137  8:34  Viking  
  139  8:42  Terran Infantry Weapons Level 2  
  139  8:44  Ghost Academy  
  139  8:45  Terran Infantry Armor Level 2  
  139  8:50  Supply Depot  
  139  8:52  SCV  
  139  8:53  Supply Depot  
  140  8:58  Marauder x2  
  140  9:00  Viking  
  147  9:06  Viking  
  147  9:08  Viking  
  145  9:12  Viking  
  145  9:13  Marine x2  
  149  9:17  Marine x2  
  149  9:23  Marine  
  154  9:30  Missile Turret  
  154  9:32  Viking  
  154  9:33  Marine x2  
  158  9:39  Viking  
  158  9:41  Missile Turret  
  158  9:42  Marauder  
  158  9:43  Viking  
  158  9:45  Marauder, Unknown  
  165  9:50  Supply Depot, Unknown  
  165  9:51  Supply Depot x2  
  165  9:53  Enhanced Shockwaves  
  165  9:57  Marine x2  
  165  10:00  Marine x2  
  165  10:01  Marauder  
  165  10:04  Liberator  
  165  10:05  Marine  
  165  10:06  Marauder  
  148  10:08  Liberator  
  148  10:09  Viking  
  148  10:12  SCV  
  139  10:15  Marine x2  
  139  10:17  Marine  
  139  10:20  Marine  
  132  10:22  Marauder  
  132  10:23  Marauder  
  143  10:34  Marine  
  144  10:39  Marine x3  
  148  10:43  Medivac  
  148  10:44  SCV x2  
  156  10:52  Marine  
  157  10:57  Marine x2  
  157  10:58  Liberator  
  157  10:59  Marine, Command Center  
  157  11:03  Liberator  
  160  11:06  Unknown  
  160  11:08  Supply Depot x2, Marauder  
  160  11:10  Marine  
  163  11:12  Marine, Unknown  
  163  11:13  Marine, Unknown  
  168  11:21  Marine  
  172  11:26  SCV  
  172  11:29  Marauder  
  172  11:30  Marine x2  
  172  11:31  Marauder  
  172  11:32  SCV  
  172  11:33  Marine  
  172  11:34  Marauder  
  172  11:39  Marine  
  171  11:48  Marine x2  
  171  11:51  Marauder  
  175  11:57  Supply Depot  
  173  12:02  Marine x2, Marauder  
  174  12:14  Marine x2  
  174  12:15  Marauder  
  173  12:17  Liberator x2  
  153  12:23  Liberator  
  121  12:31  Marine  
  121  12:32  Marauder  
  121  12:37  Marine x2, Marauder  
  111  12:42  Marine  
  111  12:43  Marauder  
  105  12:49  Marine  
  96  12:53  Marine  
  96  12:54  Orbital Command  
  96  12:56  Marine  
  93  12:59  Marauder  
  93  13:03  Marine x2  
  93  13:05  Marine  
  83  13:11  Marine  
  71  13:14  Marine  
  71  13:15  Marine  
  72  13:24  SCV  
  72  13:26  Marine x2  
  73  13:33  Medivac  
  75  13:39  Marauder, Reaper  
  75  13:40  Marine x2  
  80  13:45  SCV  
  80  13:46  Marine  
  80  13:51  Marine, Marauder  
  79  13:58  Marine x2  
Tags
 
Add a new tag
Caveats
  • Supply blocks, unpowered buildings, or Contaminate may cause inaccurate times.
  • Supply counts are checked every 10 seconds.